[Event "Chessable English Open-ch 2022"]
[Site "Kenilwoth"]
[Date "2022.05.20"]
[Round "4.9"]
[White "Ireland, David J"]
[Black "Hackner, Oskar A"]
[Result "0-1"]
[ECO "C00"]
[WhiteElo "2000"]
[BlackElo "2177"]
[Annotator "TA"]
[PlyCount "40"]
[EventDate "2022.05.18"]
[EventType "swiss"]
[EventCountry "ENG"]
[SourceTitle "playchess.com"]
[Source "ChessBase"]
[SourceQuality "1"]
[TimeControl "5400+30"]

1. e4 e6 2. c4 d5 3. cxd5 exd5 4. exd5 Nf6 5. Nc3 Nxd5 6. Bc4 Nb6 {[%emt 0:00:08] Active counter play! C00: French: Unusual White 2nd moves.} 7. Bb3 Nc6 8. Nf3 ({White should play} 8. Nge2 $11) 8... Qe7+ $15 {[%emt 0:01:39] [#] Black is slightly better.} 9. Kf1 $146 ({Predecessor:} 9. Qe2 Bg4 10. Qxe7+ Bxe7 11. Nb5 O-O-O 12. Bd1 {½-½ (12) Grozea,F (1724)-Alten,S (1893) Berlin 2019}) 9... Be6 10. d4 O-O-O 11. Be3 Nd5 12. Rc1 $2 {[%emt 0:03:13] [#]} (12. Bxd5 $17 {was called for.} Bxd5 13. Rc1) 12... Nxe3+ $19 13. fxe3 Bxb3 14. Qxb3 Qxe3 15. Re1 Qd3+ 16. Kf2 $2 (16. Ne2 Qxb3 17. axb3) 16... Nxd4 17. Nxd4 (17. Qd1 $142 Qg6 18. Re5 Nxf3 19. Qxf3) 17... Qxd4+ 18. Kf3 Qf6+ 19. Ke2 {[%emt 0:01:49] [#]} Bc5 (19... Bb4 $142 $1 20. Qxb4 (20. Nd5 Rhe8+) 20... Rhe8+ 21. Ne4 Qf4 22. Rd1 Rxe4+ 23. Qxe4 Qxe4+ 24. Kf2 Qc2+ 25. Kg3 Rxd1 26. Rxd1 Qxd1 27. b4 Qe1+ 28. Kf3 Qxb4 29. a4 c5 30. Ke2 c4 31. a5 Qxa5 32. h4 Qf5 33. h5 Qd3+ 34. Kf2 c3 35. h6 gxh6 36. g3 c2 37. g4 c1=Q 38. Kg2 Qcd2+ 39. Kh1 Qf1#) 20. Ne4 Rhe8 {[%emt 0:00:14] White got outplayed after the opening.  Weighted Error Value: White=1.18/Black=0.37} 0-1

[Event "Chessable English Open-ch 2022"]
[Site "Kenilwoth"]
[Date "2022.05.20"]
[Round "4.10"]
[White "Haydon, David L"]
[Black "Parker, Keith"]
[Result "*"]
[ECO "A06"]
[WhiteElo "2275"]
[BlackElo "1815"]
[Annotator "TA"]
[PlyCount "29"]
[EventDate "2022.05.18"]
[EventType "swiss"]
[EventCountry "ENG"]
[SourceTitle "playchess.com"]
[Source "ChessBase"]
[SourceQuality "1"]
[TimeControl "5400+30"]

1. Nf3 Nf6 2. e3 d5 3. b3 g6 4. Bb2 Bg7 5. Be2 Bg4 6. c4 {[%emt 1:16:42] A06: Réti Opening: 1 Nf3 d5.} Bxf3 7. Bxf3 c6 {[%emt 0:00:57] [#]} 8. Qc2 $146 {[%emt 0:02:41] White is slightly better.} ({Predecessor:} 8. O-O O-O 9. d4 e6 10. Nd2 Qe7 11. Be2 Rd8 12. Qc2 Ne8 13. Nf3 Nd7 14. a4 {1-0 (36) Koepke,C (2332)-Egger,M (2007) Austria 2020}) 8... O-O 9. d4 Re8 10. Nc3 e6 11. O-O Nbd7 12. Rad1 Rc8 13. Rfe1 Qc7 14. Qb1 Qb8 15. e4 {[%emt 0:04:23] Weighted Error Value: White=0.07 (flawless) /Black=0.07 (flawless)} *

[Event "Chessable English Open-ch 2022"]
[Site "Kenilwoth"]
[Date "2022.05.20"]
[Round "4.10"]
[White "Ireland, David J"]
[Black "Hackner, Oskar A"]
[Result "0-1"]
[ECO "C00"]
[WhiteElo "2000"]
[BlackElo "2177"]
[Annotator "TA"]
[PlyCount "40"]
[EventDate "2022.05.18"]
[EventType "swiss"]
[EventCountry "ENG"]
[SourceTitle "playchess.com"]
[Source "ChessBase"]
[SourceQuality "1"]
[TimeControl "5400+30"]

1. e4 e6 2. c4 d5 3. cxd5 exd5 4. exd5 Nf6 5. Nc3 Nxd5 6. Bc4 Nb6 {[%emt 0:00:08] Active counter play! C00: French: Unusual White 2nd moves.} 7. Bb3 Nc6 8. Nf3 Qe7+ {[%emt 0:01:39] [#] Black is slightly better.} 9. Kf1 $146 ({Predecessor:} 9. Qe2 Bg4 10. Qxe7+ Bxe7 11. Nb5 O-O-O 12. Bd1 {½-½ (12) Grozea,F (1724)-Alten,S (1893) Berlin 2019}) 9... Be6 10. d4 O-O-O 11. Be3 Nd5 12. Rc1 $2 {[%emt 0:03:13] [#]} (12. Bxd5 $17 Bxd5 13. g3) 12... Nxe3+ $19 13. fxe3 Bxb3 14. Qxb3 Qxe3 15. Re1 Qd3+ 16. Kf2 $2 (16. Ne2 Qxb3 17. axb3) 16... Nxd4 17. Nxd4 (17. Qd1 $142 Qg6 18. Re5 Nxf3 19. Qxf3) 17... Qxd4+ 18. Kf3 Qf6+ 19. Ke2 {[%emt 0:01:49] [#]} Bc5 (19... Bb4 $142 $1 20. Qxb4 (20. Nd5 Rhe8+) 20... Rhe8+ 21. Ne4 Qf4 22. Rd1 Rxe4+ 23. Qxe4 Qxe4+ 24. Kf2 Qf4+ 25. Ke2 Re8+ 26. Kd3 Qd6+ 27. Kc3 Re3+ 28. Kc2 Re2+ 29. Kb3 Qb6+ 30. Kc4 Qc6+ 31. Kb3 Qc2+ 32. Ka3 Qxb2+ 33. Ka4 Re4+ 34. Rd4 Rxd4+ 35. Ka5 Qb6#) 20. Ne4 Rhe8 {[%emt 0:00:14] White got outplayed after the opening.  Weighted Error Value: White=1.26/Black=0.36} 0-1

[Event "Chessable English Open-ch 2022"]
[Site "Kenilwoth"]
[Date "2022.05.20"]
[Round "4.11"]
[White "Zheng, Harry Z"]
[Black "Macklin, Paul"]
[Result "1/2-1/2"]
[ECO "B90"]
[WhiteElo "1915"]
[BlackElo "2350"]
[Annotator "TA"]
[PlyCount "58"]
[EventDate "2022.05.18"]
[EventType "swiss"]
[EventCountry "ENG"]
[SourceTitle "playchess.com"]
[Source "ChessBase"]
[SourceQuality "1"]
[TimeControl "5400+30"]

1. e4 c5 2. Nf3 d6 3. d4 cxd4 4. Nxd4 Nf6 5. Nc3 a6 6. Be3 e5 7. Nf3 Be7 8. Bc4 O-O 9. O-O Nc6 10. Bg5 Be6 11. Bb3 Nd7 {[%emt 0:05:13] B90: Sicilian Najdorf: Unusual White 6th moves, 6 Be3 Ng4 and 6 Be3 e5.} 12. Bxe7 Qxe7 13. Nd5 Qd8 14. c3 Na5 15. Re1 (15. Ne3 $5 Nxb3 16. axb3 $11) 15... Nxb3 16. axb3 {[%emt 0:02:07] [#]} Nb6 $146 ({Predecessor:} 16... Rc8 17. h3 Kh8 18. c4 f5 19. exf5 Bxf5 20. Re3 Nc5 21. b4 Ne6 22. b3 Bg6 {½-½ (35) Bodaan,T-Roberts,A LSS email 2007}) 17. Nxb6 Qxb6 18. b4 h6 19. Qd3 f5 20. exf5 Bxf5 {[%emt 0:02:14] The position is equal.} 21. Qe3 Qc6 22. Nd2 Rae8 23. Ne4 Bxe4 24. Qxe4 d5 25. Qd3 Kh8 26. Ra5 Qf6 27. Qg3 {[%emt 0:07:41] Active counter play!} Qd6 28. Rd1 d4 29. h3 {[%emt 0:17:57][%cal Od1d4] Strongly threatening Rxd4!} Rf6 {[%emt 0:02:02] A balanced but interesting game.  Weighted Error Value: White=0.06 (flawless) /Black=0.05 (flawless)} 1/2-1/2

[Event "Chessable English Open-ch 2022"]
[Site "Kenilwoth"]
[Date "2022.05.20"]
[Round "4.12"]
[White "Shearsby, Jude"]
[Black "Thompson, Ian D"]
[Result "1/2-1/2"]
[ECO "C13"]
[WhiteElo "1849"]
[BlackElo "2074"]
[Annotator "TA"]
[PlyCount "41"]
[EventDate "2022.05.18"]
[EventType "swiss"]
[EventCountry "ENG"]
[SourceTitle "playchess.com"]
[Source "ChessBase"]
[SourceQuality "1"]
[TimeControl "5400+30"]

1. e4 e6 2. d4 d5 3. Nc3 Nf6 4. Bg5 dxe4 5. Nxe4 Be7 6. Ng3 (6. Nxf6+ $11 Bxf6 7. Bxf6 Qxf6 8. Nf3) 6... c5 $15 {[%emt 0:02:37] C13: French: Classical System: 4 Bg5 Be7, Alekhine-Chatard Attack.} 7. dxc5 Qa5+ 8. c3 Qxc5 {[%emt 0:00:50] The position is equal.} 9. Be3 Qa5 10. Nf3 Nc6 {[%emt 0:01:15] [#]} 11. Be2 $146 ({Predecessor:} 11. Bd3 Ng4 12. Bd2 Qb6 13. O-O O-O 14. Qc2 g6 15. Rae1 Bf6 16. Bf4 Bg7 17. Qe2 {1-0 (48) Halak,M (2224)-Draga,B (1954) Hungary 2014}) 11... O-O 12. O-O Nd5 13. Bd2 {[%emt 0:02:51] [#] And now c4 would win.} Qc7 14. Re1 e5 15. Bb5 f6 16. Qc2 {[%emt 0:08:54] Threatens to win with Bd3.} g6 17. h4 Bc5 18. Ne4 Bb6 ({Better is} 18... Be7 $14) 19. Bh6 {[%emt 0:03:37] White is better.} Rf7 20. a3 {[%emt 0:04:12] White is more active.} Be6 21. Rad1 {[%emt 0:11:59] Weighted Error Value: White=0.10 (very precise) /Black=0.17 (very precise)} 1/2-1/2

[Event "Chessable English Open-ch 2022"]
[Site "Kenilwoth"]
[Date "2022.05.20"]
[Round "4.13"]
[White "Pert, Max"]
[Black "Khoury, Theo"]
[Result "1/2-1/2"]
[ECO "B23"]
[WhiteElo "1634"]
[BlackElo "1927"]
[Annotator "TA"]
[PlyCount "40"]
[EventDate "2022.05.18"]
[EventType "swiss"]
[EventCountry "ENG"]
[SourceTitle "playchess.com"]
[Source "ChessBase"]
[SourceQuality "1"]
[TimeControl "5400+30"]

1. e4 c5 2. Nc3 d6 3. d4 cxd4 4. Qxd4 Nc6 5. Qd2 g6 6. b3 {[%emt 0:00:31] B23: Closed Sicilian: Lines without g3.} Bh6 7. f4 Nf6 8. Bb2 {[%emt 0:00:40] The position is equal.} O-O 9. O-O-O e5 {[%emt 0:00:23] 9...e5 is better than 9...a5.} 10. g3 Re8 11. Kb1 Nd4 12. Nge2 Bg4 13. Nxd4 exd4 14. Qxd4 {[%emt 0:00:09][%cal Of1b5] [#] Strongly threatening Bb5!} Bg7 {[%emt 0:00:08][%cal Of6e4] aiming for ...Nxe4!} 15. Rc1 $1 Nxe4 16. Qxg7+ Kxg7 17. Nxe4+ Kf8 18. Nf6 Bf3 {[%emt 0:00:06] [#] And now ...Re6 would win.} 19. Nxh7+ $146 ({Predecessor:} 19. Rg1 h5 20. Nh7+ Kg8 21. Nf6+ Kf8 22. Nh7+ Kg8 23. Nf6+ Kf8 {½-½ (23) Paichadze,L (2564)-Donchenko,A (2657) Reykjavik 2021}) 19... Kg8 20. Nf6+ Kf8 {[%emt 0:00:07] Weighted Error Value: White=0.05 (flawless) /Black=0.03 (flawless)} (20... Qxf6 $5 21. Bxf6 Bxh1 $11) 1/2-1/2

[Event "Chessable English Open-ch 2022"]
[Site "Kenilwoth"]
[Date "2022.05.20"]
[Round "4.14"]
[White "Herring, Samuel"]
[Black "Duncan, Patrick C M"]
[Result "0-1"]
[ECO "A17"]
[WhiteElo "1900"]
[BlackElo "2013"]
[Annotator "TA"]
[PlyCount "174"]
[EventDate "2022.05.18"]
[EventType "swiss"]
[EventCountry "ENG"]
[SourceTitle "playchess.com"]
[Source "ChessBase"]
[SourceQuality "1"]
[TimeControl "5400+30"]

1. Nf3 {[%emt 0:00:02] Primel,D} Nf6 2. g3 b6 3. Bg2 Bb7 4. O-O c5 5. d3 e6 6. e4 d6 7. c4 Be7 8. b3 O-O 9. Bb2 Nc6 10. Nc3 a6 11. Re1 {[%emt 0:03:12] A17: English Opening: 1...Nf6 with ...Bb4.} Qc7 12. d4 cxd4 13. Nxd4 {[%emt 0:00:05] White is slightly better.} Nxd4 14. Qxd4 Rfd8 15. Rad1 Bc6 {[%emt 0:02:05] [#]} 16. a4 $146 ({Predecessor:} 16. Qe3 b5 17. cxb5 axb5 18. a3 Qb7 19. b4 Ng4 20. Qe2 Ne5 21. Bc1 Be8 22. f4 {½-½ (28) Ostojic,P (2480)-Gavela,D (2200) Belgrade 1977 EXT 2018 [Primel,D]}) 16... Rac8 17. g4 (17. Ba3 $14) 17... Ne8 18. Qe3 Bb7 (18... h6 $11) 19. Ne2 (19. g5 $5 ) 19... Bf6 20. Nd4 g6 21. h4 Bg7 (21... e5 $11 22. Nf3 Be7) 22. h5 e5 23. Nc2 b5 24. h6 Bh8 25. axb5 axb5 26. Na3 bxc4 27. Nxc4 Rb8 (27... Qe7 $11) 28. Ba3 Ba6 29. Bf1 Bxc4 (29... Bf6 $14) 30. Bxc4 $16 (30. bxc4 Bf6 $14) 30... Qe7 31. Rd3 Bf6 {[%emt 0:01:14] Against g5} (31... Ra8 $142) 32. Bc1 $1 Nc7 33. g5 Bh8 34. Qa7 (34. Qg3 $16) 34... Ra8 $14 35. Qb7 Rab8 36. Qc6 Ne6 37. Rg3 Rdc8 38. Qd5 Nd4 39. Ba3 {[%emt 0:01:06] Against Rc5. This bishop pair is nice.} Rb6 40. Rd1 Rd8 41. Kf1 Ne6 42. Bc1 Rbb8 43. Be3 Rbc8 (43... Nf4 $16 44. Qd2 Qb7) 44. Rf3 Rd7 45. b4 Nc7 $2 (45... Nf4 $16 46. Bxf4 exf4) 46. Qc6 Rf8 47. b5 Ne6 {[%emt 0:01:35] Against Bc5} 48. Rg3 $2 (48. b6 $18 Nf4 49. Rb1) 48... Nd4 (48... Rc7 $11 {keeps the balance.} 49. Qd5 Nf4 50. Bxf4 exf4) 49. Qd5 $16 {[%emt 0:01:21] Black must now prevent b6.} Rc7 50. Bxd4 (50. Bd3 $1 $16) 50... exd4 $11 51. Bd3 (51. Rxd4 $2 Be5 52. Ra3 (52. b6 $2 Rc5 $19) 52... Rc5 53. Qxf7+ Qxf7 54. Bxf7+ Kxf7 $19) 51... Rc5 $36 {[%emt 0:00:27][%mdl 2048] Black has some pressure.} 52. Qb3 Be5 53. Rf3 (53. Rg4 $17) 53... Qxg5 54. Bc4 Qxh6 {[%emt 0:00:53] Hoping for ...Qh1+.} 55. b6 $2 (55. Rh3 Qf4 56. Bd5) 55... Rcc8 $2 ({Black should try} 55... Qh1+ $19 56. Ke2 Qh5) 56. b7 Rb8 57. Bd5 Kg7 58. Qd3 (58. Rxf7+ $2 Rxf7 59. Bxf7 Qh1+ 60. Ke2 Qxe4+ 61. Kf1 d3 62. Qxd3 Qxd3+ 63. Rxd3 Kxf7 $19) 58... Qg5 59. Ra1 Qe7 60. Qb5 Qc7 61. Rfa3 d3 62. Rd1 $1 Qc2 (62... d2 $11 {remains equal.}) 63. Qxd3 $16 Qc5 64. Ra8 f5 $2 (64... h5 $16 {was called for.}) 65. Rxb8 fxe4 $2 (65... Rxb8 66. exf5 Rf8) 66. Rxf8 $18 exd3 {[%emt 0:01:09] [#]} 67. b8=Q $1 Qxd5 68. f3 $2 ({Better is} 68. Qa8 $18 Qxa8 69. Rxa8) 68... d2 $2 (68... Qa2 $11 69. Rxd3 Bg3) 69. Ke2 $2 (69. Qe8 $1 $18 {[%cal Re8e7] Qe7+ would kill now.} Bf6 70. Rxf6 $1 Kxf6 71. Qe3) 69... Qc4+ $11 70. Kxd2 {[%emt 0:00:37] And now Qd8 would win.} Bc3+ $2 (70... Qc3+ $11 71. Ke2 Qc4+ 72. Ke1 Qc3+ 73. Rd2 Qc1+ 74. Ke2 (74. Rd1 Bc3+ 75. Kf2 Qc2+ 76. Kg3 Qxd1 $17) 74... Qc4+ 75. Ke3 Qc3+ 76. Ke2 Qc4+ 77. Rd3 Qc2+ 78. Ke3 (78. Rd2 Qc4+ $11) 78... Qc1+ 79. Kf2 Qc2+ 80. Ke3 Qc1+ 81. Ke4 Qc4+ 82. Ke3 Qc1+) 71. Ke3 $18 ({Worse is} 71. Kc1 Bb4+ 72. Kb2 Qc3+ 73. Kb1 Qb3+ 74. Kc1 Qc4+ 75. Kb2 Qc3+ 76. Kb1 Qb3+ 77. Kc1 Qc4+ $11) 71... Qc5+ 72. Ke2 Qe5+ 73. Kd3 Qd4+ {[%emt 0:00:13] [#]} 74. Kc2 $1 Qc4 {[%emt 0:00:27] [#]} 75. Rg8+ $3 Kh6 76. Rh1+ Kg5 77. Rc8 Qe2+ 78. Kxc3 Qxf3+ 79. Kd4 {[%emt 0:00:27] Intending Qb5+ and mate.} Qxh1 80. Qxd6 $2 (80. Qb5+ $18 Kf6 81. Qd3) 80... Qd1+ $11 81. Ke5 Qe2+ 82. Kd5 Qd3+ $2 (82... Qf3+ $11 83. Kd4 Qg4+ 84. Ke3 Qxc8 85. Qf4+ Kh5 86. Qh2+ Kg5 87. Qf4+ Kh5 88. Qh2+ Kg5 89. Qf4+) 83. Kc6 {[%emt 0:00:19] White mates.} Qa6+ 84. Kd7 Qxd6+ 85. Kxd6 Kf4 86. Rf8+ Ke4 87. Ke6 g5 {[%emt 0:00:28][%mdl 32768] Both players deserved the win here.  Weighted Error Value: White=0.47/Black=0.29 (precise) . Loss on time!?} 0-1

[Event "Chessable English Open-ch 2022"]
[Site "Kenilwoth"]
[Date "2022.05.20"]
[Round "4.15"]
[White "Kumar, Soham"]
[Black "Hepworth, Peter"]
[Result "1/2-1/2"]
[ECO "C11"]
[WhiteElo "1678"]
[BlackElo "1843"]
[Annotator "NA COMBH"]
[PlyCount "77"]
[EventDate "2022.05.18"]
[EventType "swiss"]
[EventCountry "ENG"]
[SourceTitle "playchess.com"]
[Source "ChessBase"]
[SourceQuality "1"]
[TimeControl "5400+30"]

1. e4 e6 2. d4 d5 3. Nc3 Nf6 4. e5 Nfd7 5. f4 c5 6. Nf3 Nc6 7. Be3 a6 8. a3 b5 9. Be2 Qb6 10. Qd2 Bb7 11. O-O cxd4 12. Nxd4 Nxd4 13. Bxd4 Bc5 14. Bxc5 Nxc5 15. Kh1 Ne4 16. Nxe4 dxe4 17. Qb4 Rc8 18. c4 a5 19. Qb3 O-O 20. cxb5 Rfd8 21. Rad1 Rxd1 22. Qxd1 g6 23. a4 Rd8 24. Qc1 Bd5 25. Qc3 h5 26. Qg3 Kf8 27. Qa3+ Kg7 28. Qe7 Bb3 29. Qf6+ Kf8 30. Qh8+ Ke7 31. Qf6+ Ke8 32. Qh8+ Kd7 33. Qg7 Qe3 34. Qxf7+ Kc8 35. b6 Qxb6 36. Rc1+ Kb8 37. Bb5 Qc5 38. Rf1 e3 39. h3 1/2-1/2

[Event "Chessable English Open-ch 2022"]
[Site "Kenilwoth"]
[Date "2022.05.20"]
[Round "4.16"]
[White "Watson, Jacob"]
[Black "Wells, Daniel J"]
[Result "1-0"]
[ECO "B31"]
[WhiteElo "1922"]
[BlackElo "2020"]
[Annotator "TA"]
[PlyCount "101"]
[EventDate "2022.05.18"]
[EventType "swiss"]
[EventCountry "ENG"]
[SourceTitle "playchess.com"]
[Source "ChessBase"]
[SourceQuality "1"]
[TimeControl "5400+30"]

1. e4 c5 2. Nf3 Nc6 3. Bb5 g6 4. c3 Nf6 5. e5 Nd5 6. O-O Bg7 7. d4 cxd4 8. cxd4 O-O 9. Nc3 Nc7 10. Ba4 d6 11. Bf4 {[%emt 0:10:28] B31: Sicilian: 2...Nc6 3 Bb5 g6.} (11. Qe2 $11) 11... Bg4 12. Bxc6 bxc6 13. h3 {[%emt 0:00:14] [#] Black is slightly better.} dxe5 $146 ({Predecessor:} 13... Bxf3 14. Qxf3 Ne6 15. Rad1 Nxf4 16. Qxf4 dxe5 17. dxe5 Qb8 18. Rfe1 Qxb2 19. Qc4 Rad8 20. Rxd8 Rxd8 21. Qxc6 Bxe5 {0-1 (34) Ardeleanu,A (2407)-Kotronias,V (2574) Eforie Nord 2008}) 14. Bxe5 Bxe5 15. hxg4 Bg7 16. Qa4 Ne6 17. Rad1 Qb6 18. d5 cxd5 ({Don't take} 18... Qxb2 19. dxe6 Qxc3 20. exf7+ Rxf7 21. Ng5 $16) 19. Nxd5 Qb7 20. b4 Rfd8 21. Qb3 Rd7 22. Rd3 (22. Ne3 $11 {keeps the balance.}) 22... Rad8 $1 $17 23. Rfd1 {[%emt 0:00:23][%cal Od5e7] [#]} Kf8 (23... Nd4 $1 $17 24. Nxd4 Qxd5) 24. g5 Nc7 (24... a5 $15) 25. Nxc7 $11 Qxc7 26. Rxd7 Rxd7 27. Re1 e5 (27... e6 $11) 28. Qe3 (28. b5 {keeps more tension.} Qc5 29. a4 f5 30. gxf6 Bxf6 31. Qe6) 28... Re7 29. Rc1 Qd8 30. Qe4 Rd7 (30... h6 $11 {remains equal.}) 31. Re1 {[%emt 0:00:56] White is more active.} ({Reject} 31. Nxe5 $6 Rd1+ 32. Rxd1 Qxd1+ 33. Kh2 Qh5+ 34. Kg1 Qd1+ 35. Kh2 Qh5+ 36. Kg1 Qd1+ $11) (31. g3 $16) 31... Re7 32. a4 h6 33. gxh6 Bxh6 34. b5 Bg7 35. Qb4 Kg8 {[%emt 0:00:09] [#]} 36. a5 (36. Nd4 $1 $14 Rd7 (36... Qc7 37. g3) 37. Nc6) 36... f5 $2 (36... e4 $11 {and Black is okay.}) 37. Qb3+ Kh8 {[%emt 0:00:28] [#]} 38. b6 $1 (38. Ng5 Qd2 39. Qh3+ Kg8 40. Qh7+ Kf8 $18) 38... axb6 {[%emt 0:00:08] [#]} 39. axb6 ({Not} 39. Qxb6 Qxb6 40. axb6 e4 $14) (39. Rd1 $1 $18 Qe8 40. axb6) 39... Rb7 40. Nxe5 Bxe5 41. Rxe5 Rxb6 {[%emt 0:01:21][%mdl 4096] Endgame KQR-KQR} 42. Qa4 {[%emt 0:01:48] Threatening mate with Re8+.} Rb8 43. Re3 Rb1+ 44. Kh2 {[%emt 0:00:11] Hoping for Re8+.} Qd6+ 45. f4 {[%emt 0:00:47] Qe8+ would kill now.} Rb8 {[%emt 0:00:20][%mdl 8192] Prevents Qe8+.} (45... Kg7 $11) 46. Rh3+ {[%emt 0:00:25] White mates.} Kg7 47. Qa1+ Kf7 48. Rh7+ Ke6 49. Qa2+ Qd5 50. Re7+ Kd6 {[%emt 0:00:02] [#]} 51. Rd7+ $3 {[%emt 0:00:06][%mdl 512] Weighted Error Value: White=0.28 (precise) /Black=0.51} 1-0

[Event "Chessable English Open-ch 2022"]
[Site "Kenilwoth"]
[Date "2022.05.21"]
[Round "5.1"]
[White "Jackson, James P"]
[Black "Hebden, Mark L"]
[Result "0-1"]
[ECO "C55"]
[WhiteElo "2400"]
[BlackElo "2452"]
[Annotator "TA"]
[PlyCount "104"]
[EventDate "2022.05.18"]
[EventType "swiss"]
[EventCountry "ENG"]
[SourceTitle "playchess.com"]
[Source "ChessBase"]
[SourceQuality "1"]
[TimeControl "5400+30"]

1. e4 e5 2. Nf3 Nc6 3. Bc4 Nf6 4. d3 Be7 5. O-O O-O 6. Nc3 d6 7. a4 {[%emt 0:00:24] C55: Two Knights: 4 d3, 4 d4 exd4 5 e5 and Max Lange Attack.} Na5 {[%emt 0:06:09] 7...Be6 is a critical line.} 8. Ba2 c5 9. Bg5 {[%emt 0:01:45] White has an edge.} Nc6 10. Bxf6 Bxf6 11. Nd5 g6 {[%emt 0:00:32] [#]} 12. Qd2 $146 ({Predecessor:} 12. Kh1 Bg7 13. Rg1 Be6 14. Qd2 Kh8 15. Qg5 f6 16. Qh4 Qd7 17. g4 Nb4 18. Bb3 {0-1 (63) Halkias,S (2527)-Nisipeanu,L (2652) Terme Catez 2022}) 12... Bg7 13. Qg5 Bd7 14. Qxd8 Raxd8 15. c3 Kh8 16. Nd2 Bh6 17. Nc4 Be6 18. Nc7 Rd7 19. Nxe6 fxe6 20. Ne3 Re8 21. Ng4 Bg7 22. Ne3 Bh6 23. Ng4 Bg5 24. h3 d5 25. g3 h5 26. Nh2 d4 27. Nf3 Bh6 28. Bc4 a6 {[%emt 0:00:13] Inhibits Bb5.} 29. Kg2 Kg7 30. h4 Kf6 31. a5 Ke7 32. Ng1 Rf8 33. Ne2 Kd6 34. Ng1 {[%emt 0:07:56] [#]} (34. Ra4 $11) 34... g5 $1 $17 {[%emt 0:04:35] Black continues to play with concentration.} 35. hxg5 Bxg5 36. Nh3 ({Better is} 36. Nf3 Bd8 37. cxd4 cxd4 38. Bb3) 36... Bd2 37. Ra3 {[%emt 0:03:47] [#]} Rg7 $1 38. Rd1 Bh6 {[%emt 0:00:08] Black is more active.} 39. Kh2 h4 {[%emt 0:00:29] And now ...hxg3+ would win.} 40. Rg1 hxg3+ 41. Rxg3 Rxg3 42. fxg3 (42. Kxg3 $17 Rg8+ 43. Kf3) 42... Rf1 43. Rb3 $2 (43. Kg2 {is a better defense.} Rb1 44. Ra2) 43... Nxa5 $19 44. Rb6+ Kc7 45. Rxe6 Nxc4 46. Rxh6 Nxb2 47. cxd4 cxd4 {[%emt 0:00:27][%cal Bc5d4,Bd4d3][%mdl 32] KRN-KRN} ({Not} 47... exd4 $2 48. Nf4 $19) ({Don't blunder} 47... Nxd3 $2 48. dxe5 c4 49. e6 $19) 48. g4 (48. Kg2 $142 Rd1 49. g4 Rd2+ 50. Kf1) 48... Nxd3 {[%emt 0:00:34] Black is clearly winning.} 49. g5 Rf8 {[%emt 0:00:28] Prevents Rh8.} 50. Kg3 Nc5 51. g6 Nxe4+ 52. Kg4 d3 {[%emt 0:01:10] Weighted Error Value: White=0.32/Black=0.02 (flawless)} 0-1

[Event "Chessable English Open-ch 2022"]
[Site "Kenilwoth"]
[Date "2022.05.21"]
[Round "5.2"]
[White "Willow, Jonah B"]
[Black "Harvey, Marcus R"]
[Result "1/2-1/2"]
[ECO "B12"]
[WhiteElo "2401"]
[BlackElo "2455"]
[Annotator "TA"]
[PlyCount "84"]
[EventDate "2022.05.18"]
[EventType "swiss"]
[EventCountry "ENG"]
[SourceTitle "playchess.com"]
[Source "ChessBase"]
[SourceQuality "1"]
[TimeControl "5400+30"]

1. e4 c6 2. d4 d5 3. e5 Bf5 4. Nd2 e6 5. Nb3 c5 6. dxc5 {[%emt 0:03:03] B12: Caro-Kann: Advance Variation.} Bxc5 7. Bb5+ Nc6 8. a4 Bf8 9. Nd4 (9. a5 $14 a6 10. Ba4 (10. Bxc6+ bxc6 11. Be3 Qc7 $11)) 9... Nge7 $11 10. Bg5 Qc7 11. Bxe7 {[%emt 0:03:10] Active counter play!} Bxe7 ({But not} 11... Kxe7 12. Nxf5+ exf5 13. f4 $14 (13. Qxd5 Qxe5+ 14. Qxe5+ Nxe5 $11)) 12. Nxf5 exf5 13. Nf3 {[%emt 0:02:30] [#]} a6 $146 ({Predecessor:} 13... Rd8 14. O-O O-O 15. Re1 Bc5 16. c3 a6 17. Bxc6 bxc6 18. Qd3 Qa7 19. Re2 g6 {½-½ (64) Sjugirov,S (2663)-Kovalev,D (2487) Chess.com INT 2020}) 14. Bxc6+ bxc6 15. O-O O-O 16. Qd3 g6 17. c4 Rfd8 18. cxd5 Rxd5 19. Qc4 Qb7 20. Rac1 Rc5 21. Qe2 Rxc1 22. Rxc1 c5 23. Rd1 Qc6 24. b3 Rb8 25. Qc2 Qe6 26. Rd3 Rb4 27. Rc3 {[%emt 0:00:58] Prevents c4.} Qd5 28. h3 {[%emt 0:01:05] The position is equal.} h6 29. Rc4 Rb8 30. Qd2 Qxd2 31. Nxd2 {[%emt 0:00:01][%mdl 4096] Endgame KRB-KRN} Rd8 32. Rc2 Bg5 33. Nc4 Rd3 34. Na5 Rd1+ 35. Kh2 Rd5 36. g3 Bd2 (36... Rxe5 $2 37. f4 Rd5 38. fxg5 $18) 37. Nc6 {[%emt 0:00:49] [#] Strongly threatening Ne7+.} Kg7 38. Kg2 a5 39. Ne7 Rd7 40. Nc6 Rd5 41. Ne7 Rd7 42. Nc6 Rd5 {[%emt 0:00:00] Weighted Error Value: White=0.06 (flawless) /Black=0.04 (flawless)} 1/2-1/2

[Event "Chessable English Open-ch 2022"]
[Site "Kenilwoth"]
[Date "2022.05.21"]
[Round "5.3"]
[White "Roberson, Peter T"]
[Black "Royal, Shreyas"]
[Result "1/2-1/2"]
[ECO "C95"]
[WhiteElo "2421"]
[BlackElo "2385"]
[Annotator "TA"]
[PlyCount "49"]
[EventDate "2022.05.18"]
[EventType "swiss"]
[EventCountry "ENG"]
[SourceTitle "playchess.com"]
[Source "ChessBase"]
[SourceQuality "1"]
[TimeControl "5400+30"]

1. e4 e5 2. Nf3 Nc6 3. Bb5 a6 4. Ba4 Nf6 5. O-O Be7 6. Re1 b5 7. Bb3 d6 8. c3 O-O 9. h3 Nb8 10. d4 Nbd7 11. Nbd2 Bb7 12. Bc2 Re8 13. Nf1 Bf8 14. Ng3 g6 15. a4 Bg7 16. Bd3 d5 {[%emt 0:00:38] C95: Closed Ruy Lopez: Breyer Variation with 10 d4.} 17. Bg5 {[%emt 0:02:16] And now dxe5 would win.} dxe4 18. Bxe4 c6 {[%emt 0:00:17] [#] White has an edge.} 19. Bc2 $146 (19. Bxg6 $1 $14 hxg6 20. dxe5) ({Predecessor:} 19. dxe5 Nxe5 20. Qxd8 Raxd8 21. axb5 axb5 22. Nd4 h6 23. Bxf6 Bxf6 24. Nxb5 Nc4 25. Nd4 Bxd4 26. cxd4 Rxd4 {½-½ (38) Saric,I (2655)-Gagare,S (2481) Caleta 2020}) 19... Qc7 {[%emt 0:15:20] The position is equal.} (19... exd4 {keeps more tension.} 20. Qxd4 c5 21. Rxe8+ Qxe8 22. Qd6 Qf8) 20. Nxe5 (20. dxe5 {feels hotter.} Nxe5 21. Rxe5 Rxe5 22. Bf4) 20... Nxe5 21. dxe5 Rxe5 22. Rxe5 Qxe5 23. Qd2 Re8 24. Rd1 c5 25. axb5 {[%emt 0:09:52] Weighted Error Value: White=0.15 (very precise) /Black=0.04 (flawless)} 1/2-1/2